 Dungeon Crawl Stone Soup version 0.28.0-53-g5a82cb258f (webtiles) character file.

Game seed: 6583620497643668363

13162 Zeld the Destroyer (level 11, -19/74 HPs)
             Began as a Grey Draconian Conjurer on June 8, 2022.
             Was an Initiate of Gozag.
             Demolished by a boulder beetle (47 damage)
             ... on level 12 of the Dungeon.
             The game lasted 00:27:10 (24605 turns).

Zeld the Destroyer (Grey Draconian Conjurer)       Turns: 24605, Time: 00:27:11

Health: -19/74     AC: 14    Str: 10    XL:     11   Next: 72%
Magic:  2/25       EV: 14    Int: 22    God:    Gozag
Gold:   381        SH:  0    Dex: 10    Spells: 11/31 levels left

rFire   . . .      SeeInvis +   a - +10 mace of Bebum {vorpal, Stlth+}
rCold   + . .      Faith    .   (no shield)
rNeg    . . .      Spirit   .   (armour unavailable)
rPois   .          Reflect  .   (helmet restricted)
rElec   .          Harm     .   (no cloak)
rCorr   .          Rampage  .   y - +0 pair of gloves
Will    .....                   f - +0 pair of boots
Stlth   +++.......              (no amulet)
HPRegen 0.22/turn               G - ring of protection from cold
MPRegen 0.19/turn               F - ring of see invisible

@: very slightly contaminated
A: AC +12, amphibious, unfitting armour, cold-blooded
a: Renounce Religion, Potion Petition, Call Merchant, Bribe Branch


You were on level 12 of the Dungeon.
You worshipped Gozag.
Gozag was aware of your devotion.
You visited 2 branches of the dungeon, and saw 13 of its levels.
You also visited: Ossuary.

You collected 2933 gold pieces.
You spent 1120 gold pieces at shops.
You paid 1432 gold pieces to Gozag.

Inventory:

Hand Weapons
 a - the +10 mace of Bebum (weapon) {vorpal, Stlth+}
   (You found it on level 5 of the Dungeon)

   It inflicts extra damage upon your enemies.
   Stlth:     It makes you more stealthy.
 B - the +5 trident of Zeld's Certain Death {vorpal, *Slow Int+4 Dex+7}
   (You bought it in a shop on level 5 of the Dungeon)

   It inflicts extra damage upon your enemies.
   Int:       It affects your intelligence (+4).
   Dex:       It affects your dexterity (+7).
   *Slow:     It may slow you when you take damage.
Armour
 f - a +0 pair of boots (worn)
 y - a +0 pair of gloves (worn)
Jewellery
 F - a ring of see invisible (right hand)
 G - a ring of protection from cold (left hand)
Wands
 c - a wand of flame (18)
 k - a wand of mindburst (15)
 E - a wand of polymorph (13)
Scrolls
 b - 3 scrolls of enchant armour
 e - 2 scrolls of fog
 g - 2 scrolls of brand weapon
 l - a scroll of magic mapping
 n - 2 scrolls of silence
 p - 3 scrolls of amnesia
 q - 5 scrolls of teleportation
 r - a scroll of holy word
 x - a scroll of summoning {unknown}
 H - a scroll of enchant weapon {unknown}
Potions
 d - 6 potions of flight {unknown}
 h - 2 potions of heal wounds
 i - 7 potions of curing {unknown}
 j - a potion of invisibility {unknown}
 m - 2 potions of berserk rage {unknown}
 s - 2 potions of ambrosia {unknown}
 u - a potion of haste {unknown}
 v - 2 potions of attraction {unknown}
 w - 2 potions of magic {unknown}
 z - 3 potions of brilliance {unknown}
 A - a potion of mutation {unknown}
 C - a potion of might {unknown}
 D - a potion of lignification {unknown}


   Skills:
 + Level 7.5 Dodging
 - Level 1.7 Stealth
 * Level 10.8 Spellcasting
 + Level 11.0 Conjurations
 - Level 2.0 Hexes
 - Level 2.0 Translocations
 * Level 8.6 Earth Magic


You had 11 spell levels left.
You knew the following spells:

 Your Spells              Type           Power      Damage    Failure   Level
a - Magic Dart            Conj           100%       1d8       1%          1
b - Searing Ray           Conj           100%       2d8       1%          2
c - Fulminant Prism       Conj/Hex       20%        3d13      3%          4
d - Iskenderun's Mystic   Conj/Tloc      40%        2d9       3%          4
f - Stone Arrow           Conj/Erth      100%       3d13      1%          3
g - Iron Shot             Conj/Erth      26%        9d6       16%         6

Your spell library contained the following spells:

 Spells                   Type           Power      Damage    Failure   Level
 Shock                    Conj/Air       100%       1d9       1%          1
 Dazzling Flash           Conj/Hex       80%        N/A       1%          3
 Apportation              Tloc           40%        N/A       2%          1
 Animate Skeleton         Necr           22%        N/A       5%          1
 Summon Small Mammal      Summ           44%        N/A       5%          1
 Swiftness                Air            11%        N/A       17%         3
 Airstrike                Air            5%         N/A       50%         4
 Summon Lightning Spire   Summ/Air       11%        N/A       50%         4
 Blade Hands              Tmut           5%         N/A       83%         5
 Storm Form               Tmut/Air       5%         N/A       100%        7
 Lehudib's Crystal Spear  Conj/Erth      26%        10d7      100%        8
 Maxwell's Capacitive Co  Air            5%         ∞         100%        8
 Animate Armour           Summ/Erth      Unusable   N/A       N/A         4

Dungeon Overview and Level Annotations

Branches:
Dungeon (12/15)            Temple (1/1) D:4            Lair (0/6) D:11
    Orc (0/2) D:9         Ossuary (visited)

Altars:
Ashenzari
Cheibriados
Dithmenos
Elyvilon
Fedhas
Gozag
Hepliaklqana
Kikubaaqudgha
Makhleb
Nemelex Xobeh
Okawaru
Qazlal
Ru
Sif Muna
Trog
Uskayaw
Vehumet
Wu Jian
Xom
Yredelemnul
Zin
The Shining One

Shops:
D:5 (   D:10 :

Annotations:
D:9 Joseph
D:10 Harold, Snorg, Urug
D:11 3 runed translucent doors, Taurus's ghost, journeyman MiBe; firemarshallily's ghost, journeyman MfSu; issech's ghost, journeyman MiMo


Innate Abilities, Weirdness & Mutations

Your dull iron-grey scales are very hard. (AC +12)
You are amphibious.
You cannot fit into any form of body armour.
You are cold-blooded and may be slowed by cold attacks.


Message History

You hit the troll.
The troll is heavily wounded.
The troll bites you but does no damage. The troll claws you. x2
The troll misses you. The troll claws you but does no damage.
The troll barely misses you.
You sock the troll!
The troll is severely wounded.
The troll bites you!
The troll claws you but does no damage. x2
You sock the troll!
You kill the troll!
You now have 381 gold pieces (gained 20).
No target in view!
A boulder beetle is nearby!
A boulder beetle is nearby!
You can't see any susceptible monsters within range! (Use Z to cast anyway.)
The spell is quite dangerous to miscast (16% risk of failure)!
Continue anyway?
The iron shot hits the boulder beetle!!
The boulder beetle is moderately wounded.
The boulder beetle curls into a ball and begins rolling!
The spell is quite dangerous to miscast (16% risk of failure)!
Continue anyway?
The iron shot hits the boulder beetle!!
The boulder beetle is severely wounded.
The spell is quite dangerous to miscast (16% risk of failure)!
Continue anyway?
The iron shot hits the boulder beetle!
The boulder beetle is severely wounded.
The spell is quite dangerous to miscast (16% risk of failure)!
Continue anyway?
You miscast Iron Shot.
You are very lightly contaminated with residual magic.
A wave of violent energy washes through your body!!
The boulder beetle hits you!!!
Ouch! That really hurt!
* * * LOW HITPOINT WARNING * * *
The boulder beetle stops rolling and uncurls.
Okay, then.
The boulder beetle curls into a ball and begins rolling!
Okay, then.
You feel much better. The boulder beetle hits you!!!
Ouch! That really hurt!
You die...
Your body crumbles into a pile of gold.

#.. #.. #.. #.# #.# ..##+##.#
.......○# $ ..# #.B+ . #....+
#.@# . #....# #..########## #
#....# #...........# #
#....#####.....[....##### ##
###...................#...###.
#...[....#########......P.....
####........# #....#...###.
............# #...###### ##
##..........# #...# #


You could see a boulder beetle (rolling).

Vanquished Creatures
  3 two-headed ogres
  An ugly thing (D:11)
  2 molten gargoyles (D:11)
  A gargoyle (D:12)
  5 trolls
  Prince Ribbit (D:9)
  4 wyverns
  Sigmund (D:3)
  A vampire (D:12)
  17 yaks
  2 steam dragons
  2 vampire mosquitoes (D:12)
  An acid dragon (D:9)
  A water moccasin (D:8)
  A black bear (D:6)
  3 orc warriors
  An ice beast (D:6)
  A sky beast (D:7)
  5 ogres
  A necrophage (D:7)
  4 centaurs
  2 phantoms
  2 bullfrogs
  4 kobold brigands
  2 gnoll sergeants
  2 scorpions
  A wyvern zombie (D:8)
  A water moccasin skeleton (D:5)
  4 electric eels
  5 howler monkeys
  4 centaur zombies
  5 lava snakes (D:11)
  A centaur skeleton (D:4)
  2 bullfrog zombies
  6 orc priests
  A hound (D:6)
  3 jellies
  A gnoll shaman (D:7)
  2 bullfrog skeletons
  6 iguanas
  5 orc wizards
  A killer bee zombie (D:8)
  A hound zombie (D:5)
  8 mummies (Ossuary)
  A howler monkey skeleton (D:5)
  21 gnolls
  A howler monkey zombie (D:9)
  6 adders
  2 adder skeletons
  2 worms
  8 dart slugs
  34 orcs
  4 endoplasms
  4 giant cockroaches
  3 gnoll zombies (Ossuary)
  9 hobgoblins
  7 jackals
  21 kobolds
  2 quokkas
  6 ball pythons
  5 bats
  12 frilled lizards
  6 goblins
  2 kobold zombies (Ossuary)
  3 orc zombies (Ossuary)
  5 rats
291 creatures vanquished.

Vanquished Creatures (others)
  An orc wizard (D:4)
  16 fulminant prisms
  66 plants
83 creatures vanquished.

Grand Total: 374 creatures vanquished

Notes
Turn   | Place    | Note
-------+----------+-------------------------------------------
     0 | D:1      | Zeld the Draconian Conjurer began the quest for the Orb.
     0 | D:1      | Reached XP level 1. HP: 14/14 MP: 3/3
   356 | D:1      | Reached XP level 2. HP: 20/20 MP: 3/5
   359 | D:1      | Learned a level 2 spell: Searing Ray
   623 | D:1      | Reached skill level 1 in Translocations
   789 | D:1      | Reached skill level 1 in Hexes
  1200 | D:1      | Reached XP level 3. HP: 26/26 MP: 2/6
  2091 | D:2      | Reached XP level 4. HP: 33/33 MP: 0/7
  2209 | D:2      | Learned a level 4 spell: Iskenderun's Mystic Blast
  3589 | D:3      | Reached XP level 5. HP: 38/38 MP: 1/9
  3712 | D:3      | Noticed Sigmund
  4109 | D:4      | Reached skill level 5 in Conjurations
  4190 | D:4      | Found a staircase to the Ecumenical Temple.
  4199 | Temple   | Entered the Ecumenical Temple
  4525 | Temple   | Became a worshipper of Gozag Ym Sagoz the Greedy
  4694 | Temple   | Reached XP level 6. HP: 32/45 MP: 5/11
  4704 | Temple   | Learned a level 4 spell: Fulminant Prism
  5920 | D:3      | Killed Sigmund
  5921 | D:3      | Reached skill level 6 in Conjurations
  5921 | D:3      | Your scales start taking on a dull iron-grey colour.
  5921 | D:3      | Reached XP level 7. HP: 45/50 MP: 3/13
  6946 | D:4      | Reached skill level 5 in Spellcasting
  8201 | D:5      | Entered Level 5 of the Dungeon
  8216 | D:5      | Identified the +10 mace of Bebum {vorpal, Stlth+}
  8259 | D:5      | Reached skill level 7 in Conjurations
  8259 | D:5      | Reached XP level 8. HP: 57/57 MP: 10/16
  8620 | D:5      | Found a sand-covered staircase.
  8625 | Ossuary  | Entered an ossuary
  9213 | D:5      | Bought a bloodstained dire flail for 243 gold pieces
  9213 | D:5      | Identified the +4 dire flail "Dyiset" {antimagic, rPois
                  | rC+} (You bought it in a shop on level 5 of the Dungeon)
  9213 | D:5      | Bought a warped mace for 216 gold pieces
  9213 | D:5      | Identified the +2 mace of the Sun {vamp, rC+} (You bought
                  | it in a shop on level 5 of the Dungeon)
  9335 | D:5      | Reached skill level 8 in Conjurations
  9639 | D:5      | Reached XP level 9. HP: 32/62 MP: 19/19
 11039 | D:6      | Reached skill level 9 in Conjurations
 11330 | D:7      | Reached skill level 5 in Dodging
 11783 | D:5      | Bought a twisted trident for 229 gold pieces
 11783 | D:5      | Identified the +5 trident of Zeld's Certain Death {vorpal,
                  | *Slow Int+4 Dex+7} (You bought it in a shop on level 5 of
                  | the Dungeon)
 12572 | D:8      | Noticed a two-headed ogre
 12628 | D:8      | Noticed a troll
 12639 | D:8      | Learned a level 6 spell: Iron Shot
 12649 | D:8      | Killed a troll
 12650 | D:8      | Reached skill level 1 in Earth Magic
 12665 | D:8      | Noticed a two-headed ogre
 12766 | D:8      | Killed a two-headed ogre
 12767 | D:8      | Reached skill level 10 in Conjurations
 12767 | D:8      | Reached XP level 10. HP: 69/69 MP: 0/22
 12941 | D:8      | Found a shadowy altar of Dithmenos.
 13971 | D:9      | Noticed Prince Ribbit
 13995 | D:9      | Killed Prince Ribbit
 14216 | D:9      | Found a staircase to the Orcish Mines.
 14469 | D:9      | Noticed Joseph
 16742 | D:10     | Entered Level 10 of the Dungeon
 16848 | D:10     | Reached skill level 5 in Earth Magic
 17332 | D:10     | Noticed a two-headed ogre
 17342 | D:10     | Killed a two-headed ogre
 17744 | D:10     | Noticed Harold
 17840 | D:10     | Noticed Snorg
 18646 | D:10     | Noticed Urug
 19595 | D:10     | Reached XP level 11. HP: 55/74 MP: 24/24
 20221 | D:11     | Found a staircase to the Lair.
 20269 | D:11     | Reached skill level 10 in Spellcasting
 20610 | D:11     | Noticed a two-headed ogre
 20619 | D:11     | Killed a two-headed ogre
 20671 | D:10     | Bought a book of Armaments for 432 gold pieces
 20675 | D:10     | Learned a level 3 spell: Stone Arrow
 21464 | D:11     | Found a sacrificial altar of Ru.
 21690 | D:11     | Noticed a white ugly thing
 21719 | D:11     | Killed a white ugly thing
 22343 | D:11     | Found a runed translucent gate.
 22344 | D:11     | Found a runed translucent gate.
 22345 | D:11     | Found a runed translucent gate.
 22350 | D:11     | Noticed firemarshallily's ghost (journeyman MfSu)
 22350 | D:11     | Noticed issech's ghost (journeyman MiMo)
 22350 | D:11     | Noticed Taurus's ghost (journeyman MiBe)
 23122 | D:12     | Noticed a boulder beetle
 24356 | D:12     | Reached skill level 11 in Conjurations
 24498 | D:12     | Found a white marble altar of Elyvilon.
 24605 | D:12     | Demolished by a boulder beetle

Illustrated notes

Levels and vault maps discovered:
D:1:      evilmike_arrival_crescent, layout_loops_corners
D:2:      layout_basic
D:3:      layout_loops_corners, uniq_sigmund
D:4:      layout_basic, minmay_temple_entry_water_ring, minmay_lizard_king
D:5:      layout_loops_ring, nicolae_ossuary_entry_false_entrances
D:6:      layout_rooms
D:7:      layout_basic, grunt_ogre_cave
D:8:      layout_cave_pools, nicolae_dithmenos_shadow_blocks
D:9:      layout_long_grid, orc_0_dummy, serial_bayou, serial_bayou_lagoon_a,
          serial_bayou_pond_b, serial_bayou_shore_b, serial_bayou_pond_c,
          uniq_prince_ribbit1, uniq_joseph
D:10:     layout_roguey [special_room_orc], uniq_harold, uniq_snorg, uniq_urug
D:11:     cheibrodos_magma_flow, layout_basic, lair_entry_dummy,
          gammafunk_ghost_cemetery, st_stairs_14,
          nicolae_ru_the_path_less_chosen
D:12:     layout_irregular_city, elyvilon_altar_1
Temple:   minmay_crystal_snake_temple

Skill      XL: |  1  2  3  4  5  6  7  8  9 10 11 |
---------------+----------------------------------+-----
Translocations | 1 2 |  2.0
Hexes          | 1 2 |  2.0
Spellcasting   | 3 4 5 7 8 9 10 | 10.8
Conjurations   | 5 6 7 8 10 11 | 11.0
Dodging        | 2 3 4 6 7 |  7.5
Earth Magic    | 2 6 8 |  8.6
Stealth        | |  1.7

Action                   |  1- 3 |  4- 6 |  7- 9 | 10-12 || total
-------------------------+-------+-------+-------+-------++-------
Melee: Unarmed           |    37 |     5 |    16 |       ||    58
       Tailslap          |     4 |       |    18 |    19 ||    41
       Mace              |       |       |   143 |   101 ||   244
       Punch             |       |       |     1 |     2 ||     3
 Cast: Magic Dart        |    93 |    36 |     9 |     4 ||   142
       Searing Ray       |     1 |    29 |    48 |    24 ||   102
       Iskenderun's Myst |       |     1 |    36 |    61 ||    98
       Fulminant Prism   |       |     1 |     4 |    13 ||    18
       Iron Shot         |       |       |       |    22 ||    22
Invok: Call Merchant     |       |       |     1 |     1 ||     2
  Use: Scroll            |       |       |     9 |     6 ||    15
       Potion            |       |       |       |     1 ||     1
 Stab: Distracted        |       |       |     1 |       ||     1
       Sleeping          |       |       |     5 |     2 ||     7
Armor: Skin              |    21 |    27 |   125 |   110 ||   283
Dodge: Dodged            |    36 |    26 |   221 |   162 ||   445
